 Dungeon Crawl Stone Soup version 0.31.0-1-g2c135a008e (webtiles) character file.

Game seed: 3781708688297656763

41 qw the Shooter (level 3, -1/29 HPs)
             Began as a Djinni Hunter on Jan 24, 2024.
             Slain by a quokka (3 damage)
             ... on level 2 of the Dungeon.
             The game lasted 00:00:02 (933 turns).

qw the Shooter (Djinni Hunter)                       Turns: 933, Time: 00:00:03

Health: -1/29      AC:  3    Str: 10    XL:     3   Next: 75%
Gold:   64         EV: 12    Int: 10    God:
                   SH:  0    Dex: 18

rFire   + + .        a - +0 shortbow
rCold   x . .        (shield currently unavailable)
rNeg    . . .        c - +0 leather armour
rPois   inf          (no helmet)
rElec   .            (no cloak)
rCorr   .            (no gloves)
SInv    .            (boots unavailable)
Will    .....        (no amulet)
Stlth   ++           (no ring)
HPRegen 0.24/turn    (no ring)
MPRegen 0.00/turn

%: infuse magic (-2 HP)
@: flying
A: sickness immunity, fire resistance 2, cold vulnerability 1, float, innate
caster, HP casting, extra vitality 1
a: no special abilities


You were on level 2 of the Dungeon.
You visited 1 branch of the dungeon, and saw 2 of its levels.

You collected 64 gold pieces.


Innate Abilities, Weirdness & Mutations

You are immune to sickness and miasma.
You are immune to poison.
Your flesh is very heat resistant. (rF++)
You are vulnerable to cold. (rC-)
You float through the air rather than walking.
You learn spells naturally, not from books.
Your magical power is your life essence.
You have superior vitality. (+4 MHP)


   Skills:
 + Level 2.3 Fighting
 - Level 4.1 Ranged Weapons
 - Level 2.1 Dodging
 - Level 0.7 Stealth


You knew the following spells:

 Your Spells              Type           Power      Damage    Failure   Level
a - Sting                 Conj/Alch      0%         1d3       45%         1
Your spell library was empty.

Inventory:

Hand Weapons
 a - a +0 shortbow (weapon)
Armour
 c - a +0 leather armour (worn)
Potions
 d - a potion of might {unknown}
 e - a potion of berserk rage {unknown}
 f - a potion of curing {unknown}
 g - a potion of magic {unknown}
 h - a potion of resistance {unknown}

Dungeon Overview and Level Annotations

Branches:
Dungeon (2/15)

Altars:


Message History

The adder is moderately wounded.
The adder barely misses you.
You shoot an arrow. The arrow closely misses the adder.
The adder bites you but does no damage. The adder bites you.
You shoot an arrow. The arrow misses the adder.
The adder bites you but does no damage.
You shoot an arrow. The arrow misses the adder.
The adder bites you but does no damage. The adder bites you.
You shoot an arrow. The arrow barely misses the adder.
The adder bites you but does no damage. The adder bites you.
A quokka comes into view.
You shoot an arrow. The arrow closely misses the adder.
The adder barely misses you.
You shoot an arrow. The arrow closely misses the adder.
The adder closely misses you. The adder barely misses you.
You shoot an arrow. The arrow closely misses the adder.
The adder closely misses you. The adder barely misses you.
You shoot an arrow. The arrow misses the adder.
The adder misses you.
You shoot an arrow. The arrow hits the adder.
The adder is severely wounded.
The adder bites you. The adder closely misses you.
You shoot an arrow. The arrow hits the adder.
You kill the adder!
The hobgoblin misses you. The hobgoblin barely misses you.
The quokka bites you.
You shoot an arrow. The arrow barely misses the hobgoblin.
The quokka bites you.
The hobgoblin hits you but does no damage.
You shoot an arrow. The arrow hits the hobgoblin.
The hobgoblin is lightly wounded.
The quokka bites you. The hobgoblin closely misses you. The quokka bites you.
You shoot an arrow. The arrow hits the hobgoblin.
The hobgoblin is almost dead.
The hobgoblin hits you. The quokka bites you.
You shoot an arrow. The arrow hits the hobgoblin.
You kill the hobgoblin!
The quokka bites you. x2
You shoot an arrow. The arrow completely misses the quokka.
The quokka bites you.
You die...

...... .###......#..
...... .........?......
......###...............
........................
......#.#...............
......#..............!..
........##..............
......<...........<.....
.......%####....@%.....#
........# #.####r......
........# .... .......
........#...... ....##<
#######........% ....#
##.%........##...
#........ .. ....
#.####.. .. ... .. .


You could see a quokka.

Vanquished Creatures
  2 adders (D:2)
  3 dart slugs
  A ball python (D:1)
  2 bats (D:2)
  An endoplasm (D:1)
  2 goblins (D:1)
  2 hobgoblins
  A kobold (D:1)
  2 frilled lizards (D:1)
  A rat (D:2)
17 creatures vanquished.

Notes
Turn   | Place    | Note
-------+----------+-------------------------------------------
     0 | D:1      | qw the Djinni Hunter began the quest for the Orb.
     0 | D:1      | Reached XP level 1. HP: 18/18 MP: 0/0
     0 | D:1      | 0 ||| qw: Version: 0.3-a-136-gdd3b4e8
     0 | D:1      | 0 ||| qw: Game counter: 1418
     0 | D:1      | 0 ||| qw: Melee chars always use a shield: true
     0 | D:1      | 0 ||| qw: God list: Okawaru
     0 | D:1      | 0 ||| qw: Allow faded altars: false
     0 | D:1      | 0 ||| qw: Do Orc after clearing Dungeon:15 true
     0 | D:1      | 0 ||| qw: Do second Lair branch before Depths: true
     0 | D:1      | 0 ||| qw: Lair rune preference: random
     0 | D:1      | 0 ||| qw: Goals: Normal
     0 | D:1      | 0 ||| PLANNING D:1-11
   209 | D:1      | Reached XP level 2. HP: 23/23 MP: 0/0
   741 | D:1      | 741 ||| READING scroll labelled HYSIEFFE AFUKK.
   842 | D:1      | 842 ||| READING scroll labelled VALEUX RUIROR.
   843 | D:1      | 843 ||| DROPPING scroll of butterflies.
   865 | D:2      | 865 ||| STAIRDANCE
   874 | D:2      | 874 ||| STAIRDANCE
   891 | D:2      | Reached XP level 3. HP: 28/28 MP: 0/0
   891 | D:2      | Learned a level 1 spell: Sting
   897 | D:2      | Reached skill level 4 in Ranged Weapons
   932 | D:2      | HP: 5/29 [quokka (4)]
   932 | D:2      | HP: 2/29 [quokka (3)]
   933 | D:2      | Slain by a quokka

Levels and vault maps discovered:
D:1:      spicycebolla_arrival_xxxplode, layout_basic, minmay_misc_feat_ornament
D:2:      layout_rooms, serial_shops, nicolae_shop_pleasant_corner_grove,
          minmay_misc_feat_square

Skill      XL: |  1  2  3 |
---------------+----------+-----
Ranged Weapons | 4 |  4.1
Fighting       | |  2.3
Dodging        | |  2.1
Stealth        | |  0.7

Action                     || total
---------------------------++-------
   Fire: Shortbow          ||    55
    Use: Scroll            ||     2
 Armour: Leather armour    ||    26
  Dodge: Dodged            ||    24

Table legend:
 A = Non-vault XP
 B = Vault XP
 C = Vault XP percentage of total XP
 D = Non-vault monster count
 E = Vault monster count
 F = Vault count percentage of total count
                 A         B        C        D         E       F
            +---------+---------+-------+---------+---------+-------
      Total |      59 |       0 |   0.0 |      17 |       0 |   0.0
            +---------+---------+-------+---------+---------+-------
        D:1 |      22 |       0 |   0.0 |      10 |       0 |   0.0
        D:2 |      37 |       0 |   0.0 |       7 |       0 |   0.0
            +---------+---------+-------+---------+---------+-------
